 Dungeon Crawl Stone Soup version 0.20.1-1-g8b1a95d (webtiles) character file.

229 Linguinho the Chucker (level 5, -7/49 HPs)
             Began as a Troll Hunter on Nov 14, 2017.
             Mangled by Sigmund
             ... wielding a cursed +0 scythe
              (16 damage)
             ... on level 3 of the Dungeon.
             The game lasted 00:03:42 (2159 turns).

Linguinho the Chucker (Troll Hunter)                Turns: 2159, Time: 00:03:43

Health: -7/49      AC:  5    Str: 21    XL:     5   Next: 71%
Magic:  4/4        EV: 10    Int:  7    God:
Gold:   172        SH:  0    Dex: 10    Spells: 4/4 levels left

rFire    . . .     SeeInvis .     - Unarmed
rCold    . . .     Gourm    +   (no shield)
rNeg     . . .     Faith    .   b - +0 robe
rPois    .         Spirit   .   (helmet restricted)
rElec    .         Reflect  .   (no cloak)
rCorr    .         Harm     .   (gloves unavailable)
MR       .....                  (boots unavailable)
Stlth    +.........             (no amulet)
Regen    0.6/turn               (no ring)
MPRegen  0.1/turn               (no ring)

@: confused
A: unfitting armour, claws 3, fast metabolism 3, gourmand, regeneration 1,
shaggy fur 1, tough skin 2
a: no special abilities


You were on level 3 of the Dungeon.
You were completely stuffed.

You visited 1 branch of the dungeon, and saw 3 of its levels.

You collected 172 gold pieces.

Inventory:

Missiles
 c - 4 large rocks (quivered)
 d - 2 throwing nets
 r - 5 javelins of penetration
Armour
 b - a +0 robe (worn)
Jewellery
 a - an uncursed amulet of the gourmand {unknown}
 n - an uncursed ring of resist corrosion {unknown}
 p - an uncursed ring of flight {unknown}
 q - an uncursed ring of stealth {unknown}
 x - an uncursed ring of stealth {unknown}
Scrolls
 h - 2 scrolls of remove curse {unknown}
 i - 4 scrolls of teleportation {unknown}
 j - a scroll of noise {unknown}
 s - a scroll of magic mapping {unknown}
 u - a scroll of amnesia {unknown}
 y - 3 scrolls of identify {unknown}
 z - a scroll of fog {unknown}
Potions
 e - 2 potions of heal wounds
 g - 2 potions of curing {unknown}
 k - a potion of haste {unknown}
 l - 2 potions of lignification {unknown}
 m - a potion of ambrosia {unknown}
 o - a potion of resistance {unknown}
 v - a potion of might {unknown}
Comestibles
 f - 4 bread rations
 t - 3 meat rations
 A - 4 chunks of flesh


   Skills:
 + Level 2.1 Fighting
 + Level 4.6 Throwing
 + Level 2.6 Dodging
 - Level 0.3 Stealth
 + Level 3.3 Unarmed Combat


You had 4 spell levels left.
You didn't know any spells.

Dungeon Overview and Level Annotations

Branches:
Dungeon (3/15)

Altars:
Ashenzari

Annotations:
D:3 Sigmund


Innate Abilities, Weirdness & Mutations

You are too large for most types of armour.
You have claws for hands.
Your metabolism is lightning-fast.
You like to eat raw meat.
Your natural rate of healing is unusually fast.
You are covered in fur. (AC +1)
You have very tough skin. (AC +2)


Message History

Sigmund is moderately wounded.
Sigmund hits you with a scythe!
* * * LOW HITPOINT WARNING * * *
You closely miss Sigmund.
Sigmund is moderately wounded.
Sigmund hits you but does no damage.
You closely miss Sigmund.
Sigmund is moderately wounded.
You barely miss Sigmund.
Sigmund is moderately wounded.
Sigmund casts a spell at you.
You are confused.
You bump into the rock wall.
Sigmund closely misses you.
You claw Sigmund!
Sigmund is heavily wounded.
You bump into the rock wall.
Sigmund misses you.
You closely miss Sigmund.
Sigmund is heavily wounded.
Sigmund hits you with a scythe!
You die...

....##........#
#.... .##
#........#
#....
####.....#
#.... #.....#
#...> #.....#
#.... ####.##
#.... #.####
#....
#####...(#
#####
#(@@(..#.# #
#.#(.....# ####
+ #.....## #...
#.?...# #...
#...#(# #...
#####.# #... .#
#... #... #...


You could see Sigmund.

Vanquished Creatures
  The ghost of Linguinho the Chucker, an amateur TrHu (D:3)
  2 adders
  A worm (D:2)
  2 dart slugs (D:1)
  A leopard gecko (D:1)
  A ball python (D:1)
  3 giant cockroaches
  9 goblins
  7 hobgoblins
  4 jackals (D:3)
  8 kobolds
  5 bats
  6 frilled lizards
  5 rats
55 creatures vanquished.

Notes
Turn   | Place    | Note
-------+----------+-------------------------------------------
     0 | D:1      | Linguinho the Troll Hunter began the quest for the Orb.
     0 | D:1      | Reached XP level 1. HP: 19/19 MP: 0/0
   428 | D:1      | Reached XP level 2. HP: 26/27 MP: 1/1
   503 | D:1      | Reached skill level 4 in Throwing
   978 | D:2      | Reached XP level 3. HP: 20/35 MP: 2/2
  1520 | D:2      | Reached skill level 1 in Unarmed Combat
  1721 | D:3      | Noticed Linguinho's ghost (amateur TrHu)
  1733 | D:3      | Killed Linguinho's ghost
  1733 | D:3      | Reached XP level 4. HP: 19/42 MP: 3/3
  1733 | D:3      | Reached XP level 5. HP: 22/49 MP: 4/4
  1820 | D:3      | Found a shattered altar of Ashenzari.
  2119 | D:3      | Noticed Sigmund
  2159 | D:3      | Mangled by Sigmund

Skill      XL: |  1  2  3 |
---------------+----------+-----
Throwing       | 4 |  4.6
Unarmed Combat | 3 |  3.3
Dodging        | 2 |  2.6
Fighting       | 2 |  2.1
Stealth        | |  0.3

Action                   |  1- 3 |  4- 6 || total
-------------------------+-------+-------++-------
Melee: Unarmed           |   107 |    35 ||   142
       Punch             |       |     1 ||     1
Throw: Tomahawk          |     8 |    20 ||    28
       Large rock        |     3 |     1 ||     4
       Javelin           |       |     1 ||     1
 Stab: Distracted        |     1 |       ||     1
  Eat: Chunk             |    16 |     9 ||    25
Armor: Robe              |    22 |     6 ||    28
Dodge: Dodged            |    59 |    23 ||    82
